 Dungeon Crawl Stone Soup version 0.24-a0-493-g7e4ddcd485 (webtiles) character file.

Game seed: 9457400165088540859

6371 qndell the Basher (level 10, 0/81 HPs)
             Began as a Minotaur Berserker on July 12, 2019.
             Was a High Priest of Trog.
             Slain by an orc priest
             ... wielding a +0 flail
              (8 damage)
             ... on level 9 of the Dungeon.
             The game lasted 01:03:22 (12810 turns).

qndell the Basher (Minotaur Berserker)             Turns: 12810, Time: 01:03:23

Health: 0/81       AC: 14    Str: 30    XL:     10   Next: 65%
Magic:  9/9        EV: 12    Int:  8    God:    Trog [*****.]
Gold:   324        SH:  0    Dex: 12    Spells: 9/9 levels left

rFire    . . .     SeeInvis .   C - +7 mace of Variability {chain chaos}
rCold    . . .     Gourm    .   (shield currently unavailable)
rNeg     . . .     Faith    .   M - +5 scale mail of the Trees {Regen+ Str+5 Int+4}
rPois    .         Spirit   .   (helmet restricted)
rElec    .         Reflect  .   (no cloak)
rCorr    .         Harm     .   u - +0 pair of gloves
MR       .....                  (no boots)
Stlth    ..........             (no amulet)
HPRegen  0.63/turn              (no ring)
MPRegen  0.11/turn              (no ring)

@: berserk cooldown, slowed, very slow
A: retaliatory headbutt, horns 2, frail 1, strong 1
a: Berserk, Trog's Hand, Brothers in Arms, Renounce Religion


You were on level 9 of the Dungeon.
You worshipped Trog.
Trog was extremely pleased with you.
You were very hungry.

You visited 3 branches of the dungeon, and saw 12 of its levels.
You also visited: Ossuary.

You collected 324 gold pieces.

Inventory:

Hand Weapons
 a - a +0 hand axe
 l - a +1 hunting sling
 m - a +0 hand axe
 s - a +1 spear of freezing
 C - the +7 mace of Variability (weapon) {chain chaos}
   (You found it on level 4 of the Dungeon)

   Each time it hits an enemy it has a different, random effect.
 K - a +0 war axe
Missiles
 E - 158 bolts
 J - 19 boomerangs (quivered)
Armour
 b - a +0 animal skin
 d - a +0 plate armour
 i - a +0 chain mail
 u - a +0 pair of gloves (worn)
 y - a +0 pair of gloves
 F - a cursed +0 pair of boots
 M - the +5 scale mail of the Trees (worn) {Regen+ Str+5 Int+4}
   (You took it off a big kobold on level 8 of the Dungeon)

   It affects your strength (+5).
   It affects your intelligence (+4).
   It increases your rate of regeneration.
Jewellery
 N - an uncursed amulet of regeneration {unknown}
 O - a cursed ring of attention {unknown}
 Q - a +3 ring of protection {unknown}
 R - an uncursed ring of poison resistance {unknown}
Scrolls
 e - 4 scrolls of teleportation
 f - 5 scrolls of remove curse
 j - 2 scrolls of enchant armour
 o - 4 scrolls of fog
 p - 2 scrolls of magic mapping
 q - 2 scrolls of noise
 x - a scroll of enchant weapon
 B - a scroll of amnesia
 D - a scroll of random uselessness {unknown}
 L - a scroll of torment {unknown}
Potions
 h - a potion of haste {unknown}
 k - 4 potions of curing
 n - 4 potions of brilliance
 r - a potion of ambrosia
 t - 2 potions of lignification {unknown}
 v - a potion of berserk rage {unknown}
 w - 2 potions of might {unknown}
 z - a potion of degeneration {unknown}
 A - 5 potions of agility
 G - 2 potions of mutation
 H - a potion of invisibility {unknown}
 I - a potion of magic {unknown}
Comestibles
 c - 5 rations


   Skills:
 * Level 9.0 Fighting
 - Level 7.0(10.9) Axes
 * Level 12.7(13.4) Maces & Flails
 + Level 1.8 Throwing
 * Level 9.4 Armour
 + Level 3.4 Dodging
 - Level 0.5 Stealth


You had 9 spell levels left.
You didn't know any spells.
Your spell library contained the following spells:

 Spells                   Type           Power        Failure   Level  Hunger
 Freeze                   Ice            #...         63%         1    ##.....
 Throw Frost              Conj/Ice       #.....       77%         2    ###....
 Ozocubu's Armour         Chrm/Ice       #.......     94%         3    ####...
 Summon Ice Beast         Ice/Summ       #.......     100%        4    #####..
 Throw Icicle             Conj/Ice       #.......     100%        4    #####..


Dungeon Overview and Level Annotations

Branches:
Dungeon (10/15)            Temple (1/1) D:6             Orc (1/2) D:9
   Lair: D:8-11

Altars:
Ashenzari
Cheibriados
Dithmenos
Elyvilon
Fedhas
Gozag
Hepliaklqana
Kikubaaqudgha
Makhleb
Nemelex Xobeh
Okawaru
Qazlal
Ru
Sif Muna
Trog
Uskayaw
Vehumet
Wu Jian
Xom
Yredelemnul
Zin
The Shining One

Shops:
D:5 ?   D:8 [   D:9 (


Innate Abilities, Weirdness & Mutations

You reflexively headbutt those who attack you in melee.
You have a pair of horns on your head.
You are frail. (-10% HP)
Your muscles are strong. (Str +2)


Message History

a +0 hand axe; a +0 giant club; an orc corpse The orc priest looks satisfied for a moment.
The orc warrior misses you. The orc warrior closely misses you.
Items here: )) [ †† a +0 dagger; a +0 flail; a +0 chain mail; an orc corpse x2
The orc wizard gestures at you while chanting.
The magic dart hits you but does no damage.
An orc comes into view.
There is a staircase back to the Dungeon, spattered with blood here.
The orc warrior hits you from afar with a +0 halberd!
* * * LOW HITPOINT WARNING * * *
The orc wizard hits you but does no damage.
The orc priest hits you but does no damage.
You climb upwards.
Welcome back to the Dungeon!
There is a staircase to the Orcish Mines here.
You feel better.
The orc wizard hits you with a +0 dagger.
* * * LOW HITPOINT WARNING * * *
The orc priest hits you with a +0 flail!
You die...

.........#####......#
#......†. ##.......#
#......# ###......
#.......# #......#
#.....# #.......#
#...(..## #.....#
#.....###
#(.....(######.....#
#.....#
#######)#..........#
#######
#8...8#)#.##########
#)....#)#.#
#..@..[.#.#
#..oo.#.#.#
#8...8#.#.#
#######.#.# #...#
#####


You could see an orc priest and an orc wizard.

Vanquished Creatures
  A two-headed ogre (Orc:1)
  Psyche (D:9)
  A troll (D:9)
  Sigmund (D:6)
  A wraith (Ossuary)
  Eustachio (D:4)
  A hungry ghost (D:8)
  Grum (D:8)
  8 orc warriors
  An ice beast (D:8)
  2 sky beasts
  A phantom (D:8)
  3 centaurs
  8 ogres
  3 wolves (D:8)
  3 big kobolds
  2 bullfrogs
  A gnoll sergeant (D:9)
  A scorpion (D:9)
  9 killer bees
  2 crimson imps
  A centaur zombie (D:5)
  2 hounds
  5 jellies
  2 orc priests (D:6)
  5 orc wizards
  A centaur skeleton (D:6)
  A bullfrog skeleton (D:6)
  Natasha (D:2)
  An iguana (D:7)
  4 worker ants
  A mummy (Ossuary)
  3 worker ant zombies
  7 adders
  8 gnolls
  A howler monkey skeleton (D:4)
  5 shadow imps
  5 oozes (D:8)
  An adder skeleton (D:8)
  An adder zombie (D:8)
  8 worms
  A dart slug (D:3)
  3 leopard geckos
  37 orcs
  8 giant cockroaches
  4 gnoll skeletons (Ossuary)
  8 goblins
  9 hobgoblins
  10 jackals
  3 quokkas
  A ball python (D:3)
  8 bats
  10 frilled lizards
  13 kobolds
  8 kobold skeletons (Ossuary)
  A leopard gecko zombie (D:8)
  13 orc skeletons (Ossuary)
  A quokka skeleton (D:6)
  13 rats
  A withered plant (D:8)
267 creatures vanquished.

Vanquished Creatures (collateral kills)
  A cyclops (Orc:1)
  An orc priest (Orc:1)
  An orc wizard (Orc:1)
3 creatures vanquished.

Vanquished Creatures (others)
  An orc (Orc:1)
  A kobold (D:5)
2 creatures vanquished.

Grand Total: 272 creatures vanquished

Notes
Turn   | Place    | Note
-------+----------+-------------------------------------------
     0 | D:1      | qndell the Minotaur Berserker began the quest for the Orb.
     0 | D:1      | Reached XP level 1. HP: 19/19 MP: 0/0
   498 | D:1      | Reached XP level 2. HP: 24/27 MP: 1/1
  1136 | D:2      | Noticed a +0 dagger
  1136 | D:2      | Noticed a +0 hand axe
  1142 | D:2      | Found a hide-covered altar of Uskayaw.
  1149 | D:2      | Reached XP level 3. HP: 22/33 MP: 2/2
  1468 | D:2      | Reached ** piety under Trog
  1797 | D:2      | Reached skill level 5 in Axes
  1797 | D:2      | Reached XP level 4. HP: 37/40 MP: 3/3
  2100 | D:2      | Noticed Natasha
  2110 | D:2      | Killed Natasha
  2692 | D:3      | Reached XP level 5. HP: 44/47 MP: 4/4
  3361 | D:3      | Found an ornate altar of the Wu Jian Council.
  4194 | D:4      | Noticed Eustachio
  4203 | D:4      | Killed Eustachio
  4203 | D:4      | Reached XP level 6. HP: 55/55 MP: 5/5
  4973 | D:4      | Found the +7 mace of Variability {chain chaos}
  5037 | D:5      | Entered Level 5 of the Dungeon
  5105 | D:5      | Reached skill level 2 in Maces & Flails
  5385 | D:5      | Reached skill level 3 in Maces & Flails
  5543 | D:5      | Reached XP level 7. HP: 60/60 MP: 6/6
  5610 | D:5      | Found Tiadatib's Magic Scroll Shoppe.
  5919 | D:6      | Reached *** piety under Trog
  5919 | D:6      | Reached skill level 4 in Maces & Flails
  5966 | D:6      | Found a sand-covered staircase.
  5974 | Ossuary  | Entered an ossuary
  5974 | Ossuary  | Noticed a wraith
  5974 | Ossuary  | Noticed a wraith
  5974 | Ossuary  | Noticed a wraith
  6187 | Ossuary  | Noticed a wraith
  6208 | Ossuary  | Killed a wraith
  6208 | Ossuary  | Reached skill level 6 in Maces & Flails
  6318 | D:6      | Reached skill level 7 in Maces & Flails
  6519 | D:6      | Reached XP level 8. HP: 44/67 MP: 7/7
  6831 | D:6      | Reached skill level 5 in Fighting
  6929 | D:6      | Found a staircase to the Ecumenical Temple.
  6973 | D:6      | Reached **** piety under Trog
  7117 | D:6      | Noticed Sigmund
  7123 | D:6      | Reached skill level 8 in Maces & Flails
  7155 | D:6      | Killed Sigmund
  7741 | Temple   | Entered the Ecumenical Temple
  8267 | D:7      | Reached skill level 9 in Maces & Flails
  8277 | D:7      | Reached skill level 5 in Armour
  9200 | D:8      | Reached XP level 9. HP: 78/78 MP: 8/8
  9271 | D:8      | Identified the +5 scale mail of the Trees {Regen+ Str+5
                  | Int+4}
  9296 | D:8      | Found a basalt altar of Yredelemnul.
  9389 | D:8      | Found Amidyg's Antique Armour Emporium.
  9487 | D:8      | Reached skill level 10 in Maces & Flails
  9589 | D:8      | Noticed Grum
  9601 | D:8      | Killed Grum
 10702 | D:8      | Reached skill level 11 in Maces & Flails
 10702 | D:8      | Reached skill level 1 in Throwing
 10849 | D:9      | Found Xiahov's Antique Weapon Shop.
 10883 | D:9      | Noticed Psyche
 10889 | D:9      | Killed Psyche
 11067 | D:9      | Reached XP level 10. HP: 88/88 MP: 9/9
 11597 | D:9      | Found a staircase to the Orcish Mines.
 11611 | D:9      | Reached ***** piety under Trog
 11624 | D:9      | Reached skill level 12 in Maces & Flails
 11656 | D:10     | Entered Level 10 of the Dungeon
 11660 | D:9      | HP: 3/89 [ogre/+0 giant spiked club (11)]
 12320 | Orc:1    | Entered Level 1 of the Orcish Mines
 12323 | Orc:1    | Noticed a cyclops
 12335 | Orc:1    | Killed a cyclops
 12622 | Orc:1    | Noticed a two-headed ogre
 12694 | D:9      | Gained mutation: You are frail. (-10% HP) [potion of
                  | mutation]
 12694 | D:9      | Gained mutation: Your muscles are strong. (Str +2) [potion
                  | of mutation]
 12790 | Orc:1    | Killed a two-headed ogre
 12808 | Orc:1    | HP: 1/81 [orc warrior/+0 halberd (10)]
 12810 | D:9      | Slain by an orc priest

Levels and vault maps discovered:
D:1:      wander_arrival_abandoned_jail, layout_loops_ring, roderic_lattice_a
D:2:      layout_loops_ring, dancing_weapons_uskayaw, serial_bayou_pond_e,
          kennysheep_nondescript, minmay_pentomino_v2, uniq_natasha
D:3:      wad_crossroads, layout_loops_corners, first_ration, hex_medium,
          lemuel_statue_altar
D:4:      layout_gridville, uniq_eustachio
D:5:      layout_basic, serial_shops, shop
D:6:      layout_basic, minmay_temple_entry_purple_smoke,
          cheibrodos_sewer_entry_drain, enter_ossuary_5, minmay_misc_feat_tiny,
          uniq_sigmund
D:7:      layout_cave_pods
D:8:      layout_cave_pods, serial_shops, shop, hangedman_little_slice_of_home,
          yredelemnul_altar_generic, uniq_grum
D:9:      layout_basic, kennysheep_orc_monster_closet_entryway, serial_shops,
          shop, uniq_psyche
D:10:     layout_basic, due_lair_maze_entry_diamond, basic_altar
Temple:   regret_index_temple_sigil_plot
Orc:1:    nicolae_orc_accident_1, layout_caves

Skill      XL: |  1  2  3  4  5  6  7  8  9 10 |
---------------+-------------------------------+-----
Axes           | 4 5 6 7 |  7.0
Fighting       | 4 6 7 9 |  9.0
Armour         | 3 4 6 8 9 |  9.4
Maces & Flails | 3 7 9 11 12 | 12.7
Throwing       | 1 |  1.8
Dodging        | 3 |  3.4
Stealth        | |  0.5

Action                   |  1- 3 |  4- 6 |  7- 9 | 10-12 || total
-------------------------+-------+-------+-------+-------++-------
Melee: Hand axe          |   102 |   131 |       |       ||   233
       Headbutt          |    10 |    20 |    30 |    16 ||    76
       Great mace        |       |    15 |   208 |    53 ||   276
Throw: Boomerang         |       |       |    20 |     4 ||    24
Invok: Berserk           |     4 |     8 |    14 |     2 ||    28
       Trog's Hand       |     1 |     1 |     2 |     1 ||     5
       Brothers in Arms  |       |       |       |     1 ||     1
  Use: Scroll            |     1 |     5 |     6 |     2 ||    14
       Potion            |       |       |     2 |     7 ||     9
 Stab: Paralysed         |       |       |     1 |       ||     1
       Confused          |       |       |     1 |       ||     1
  Eat: Chunk             |     7 |     9 |     8 |     5 ||    29
       Ration            |       |     3 |     7 |     1 ||    11
Armor: Animal skin       |     7 |       |       |       ||     7
       Chain mail        |    15 |       |       |       ||    15
       Plate armour      |    18 |    80 |    98 |       ||   196
       Scale mail        |       |       |    26 |    60 ||    86
Dodge: Dodged            |    43 |    56 |    86 |    87 ||   272

Table legend:
 A = Non-vault XP
 B = Vault XP
 C = Vault XP percentage of total XP
 D = Non-vault monster count
 E = Vault monster count
 F = Vault count percentage of total count
                 A         B        C        D         E       F
            +---------+---------+-------+---------+---------+-------
      Total |    5693 |    3409 |  37.5 |     203 |      68 |  25.1
            +---------+---------+-------+---------+---------+-------
        D:1 |      36 |       0 |   0.0 |      24 |       0 |   0.0
        D:2 |      89 |      36 |  28.8 |      19 |       2 |   9.5
        D:3 |      77 |       6 |   7.2 |      33 |       3 |   8.3
        D:4 |      90 |     197 |  68.6 |      12 |       1 |   7.7
        D:5 |     209 |       0 |   0.0 |      12 |       0 |   0.0
        D:6 |     686 |     250 |  26.7 |      25 |       4 |  13.8
        D:7 |     854 |       0 |   0.0 |      22 |       0 |   0.0
        D:8 |    1121 |     819 |  42.2 |      25 |      13 |  34.2
        D:9 |     891 |    1837 |  67.3 |      17 |      18 |  51.4
      Orc:1 |    1640 |       0 |   0.0 |      14 |       0 |   0.0
    Ossuary |       0 |     264 | 100.0 |       0 |      27 | 100.0
            +---------+---------+-------+---------+---------+-------
